 Dungeon Crawl Stone Soup version 0.18.0-1-g0107ab7 (webtiles) character file.

45 juanjsm the Sneak (level 3, -3/16 HPs)
             Began as a Spriggan Enchanter on May 5, 2016.
             Slain by an adder (5 damage)
             ... on level 2 of the Dungeon.
             The game lasted 00:05:39 (1214 turns).

juanjsm the Sneak (Spriggan Enchanter)              Turns: 1214, Time: 00:05:40

Health: -3/16      AC: 11    Str:  8    XL:     3   Next: 42%
Magic:  0/8        EV: 15    Int: 22    God:
Gold:   89         SH:  0    Dex: 16    Spells: 2 memorised, 5 levels left

rFire  . . .     SeeInvis +     g - +0 dagger (protect)
rCold  . . .     Gourm    .     b - +1 robe
rNeg   . . .     Faith    .     (shield restricted)
rPois  .         Spirit   .     h - +2 hat
rElec  .         Dismiss  .     (no cloak)
rCorr  .         Reflect  .     (gloves unavailable)
SustAt .         Harm     .     (boots unavailable)
MR     .....                    (no amulet)
Stlth  +++.......               p - -3 ring of evasion (curse)
                                n - +4 ring of strength

@: brilliant, flying, very quick, not resistant to hostile enchantments, fairly
stealthy
A: unfitting armour, yellow scales 1, see invisible, deformed body, herbivore 3,
speed 3, sense surroundings 1, slow metabolism 2
a: no special abilities


You were on level 2 of the Dungeon.
You were not hungry.

You visited 1 branch of the dungeon, and saw 4 of its levels.

You collected 89 gold pieces.

Inventory:

Hand Weapons
 a - a +1 dagger
 g - a +0 dagger of protection (weapon)
Armour
 b - a +1 robe (worn)
 h - a +2 hat (worn)
Jewellery
 n - a +4 ring of strength (left hand)
 p - a cursed -3 ring of evasion (right hand)
Scrolls
 j - a scroll of enchant armour {unknown}
 k - a scroll of teleportation {unknown}
 l - a scroll of identify {unknown}
 q - a scroll of remove curse {unknown}
Books
 c - a book of Maledictions

   Spells                             Type                      Level
   a - Corona                         Hexes                        1
   b - Ensorcelled Hibernation        Hexes/Ice                    2
   c - Confuse                        Hexes                        3
   d - Tukima's Dance                 Hexes                        3
   e - Dazzling Spray                 Conjuration/Hexes            3
Comestibles
 d - a bread ration
 f - 4 fruits
 i - a slice of pizza


   Skills:
 + Level 1.4 Short Blades
 + Level 3.5 Dodging
 + Level 5.2 Stealth
 + Level 3.1 Spellcasting
 + Level 4.1 Hexes
 + Level 0.4 Ice Magic


You had 5 spell levels left.
You knew the following spells:

 Your Spells              Type           Power        Failure   Level  Hunger
a - Corona                Hex            ####...      1%          1    None
b - Ensorcelled Hibernat  Hex/Ice        ####..       1%          2    ##.....


Dungeon Overview and Level Annotations

Branches:
Dungeon (4/15)
 Temple: D:4-7

Altars:

Annotations:
D:3 Grinder


Innate Abilities, Weirdness & Mutations

You are tiny and cannot use many weapons and most armour.
You have supernaturally acute eyesight.
You are a herbivore.
You cover ground extremely quickly.
You need consume almost no food.
You are partially covered in yellow scales (AC +2).
Armour fits poorly on your strangely shaped body.
You passively map a small area around you.


Message History

Drink which item? (? for menu, Esc to quit)
It was a potion of mutation.
You feel extremely strange.
You feel a strange attunement to the structure of the dungeons.
Yellow scales grow over part of your body.
Your body twists and deforms.
The adder completely misses you. The kobold misses you.
Drink which item? (? for menu, Esc to quit)
It was a potion of brilliance.
You feel clever all of a sudden. The adder bites you but does no damage.
The kobold misses you.
Drink which item? (? for menu, Esc to quit)
It was a potion of flight.
You feel very buoyant.
You fly up into the air.
The adder closely misses you. The kobold hits you.
* * * LOW HITPOINT WARNING * * *
The adder barely misses you.
You barely miss the adder.
The adder is almost dead.
The kobold barely misses you. The adder bites you.
You die...

# ### ### ######## #.# * #.###
.......# #.# * , #....
######.#####.#, , * #.###
.............# * #.#
.#####.#####.#.######. #.#
.......#>....#.K@S..#.#######.###
.............#.####.#.##.........
.........#.########.#.##.####.###
..............S.....#.##.#..<....
......†.)....#####..#.#..........
.....†..............#.####.##.##.
...#.#.......#.##..............(.
.#.#.#.............##.##......#.#
.#.#.#.#.#..##........####.......


You could see an adder and a kobold.

Vanquished Creatures
  An adder (D:3)
  2 dart slugs
  2 giant geckos
  2 bats (D:1)
  A giant cockroach (D:2)
  6 goblins
  4 hobgoblins (D:1)
  A jackal (D:1)
  2 giant newts
  4 kobolds
  2 rats (D:1)
27 creatures vanquished.

Notes
Turn   | Place    | Note
--------------------------------------------------------------
     0 | D:1      | juanjsm the Spriggan Enchanter began the quest for the Orb.
     0 | D:1      | Reached XP level 1. HP: 9/9 MP: 5/5
   261 | D:1      | Reached XP level 2. HP: 13/13 MP: 6/6
   265 | D:1      | Learned a level 2 spell: Ensorcelled Hibernation
   564 | D:3      | Reached skill level 5 in Stealth
   580 | D:3      | Reached XP level 3. HP: 16/16 MP: 4/8
  1114 | D:3      | Noticed Grinder
  1211 | D:2      | Gained mutation: You passively map a small area around you. [potion of mutation]
  1211 | D:2      | Gained mutation: You are partially covered in yellow scales (AC +2). [potion of mutation]
  1211 | D:2      | Gained mutation: Armour fits poorly on your strangely shaped body. [potion of mutation]
  1214 | D:2      | Slain by an adder

Skill      XL: |  1  2 |
---------------+-------+-----
Hexes          | 4 |  4.1
Stealth        | 5 |  5.2
Spellcasting   | 3 |  3.1
Short Blades   | |  1.4
Dodging        | |  3.5
Ice Magic      | |  0.4

Action                   || total
-------------------------++-------
Melee: Dagger            ||    87
 Cast: Corona            ||     6
       Ensorcelled Hiber ||    21
  Use: Potion            ||     3
 Stab: Sleeping          ||    19
Armor: Robe              ||    22
Dodge: Dodged            ||    93
